 Dungeon Crawl Stone Soup version 0.32-a0-18-g89e19f1974 (webtiles) character file.

Game seed: 13415219046043441348

94 p00ps00p the Trooper (level 4, -1/41 HPs)
             Began as a Hill Orc Fighter on Jan 17, 2024.
             Slain by an orc
             ... wielding a +0 flail
              (3 damage)
             ... on level 2 of the Dungeon.
             The game lasted 00:01:54 (1394 turns).

p00ps00p the Trooper (Hill Orc Fighter)             Turns: 1394, Time: 00:01:54

Health: -1/41      AC:  7    Str: 20    XL:     4   Next: 63%
Magic:  4/4        EV:  9    Int:  8    God:
Gold:   78         SH:  4    Dex: 10    Spells: 3/3 levels left

rFire   . . .        a - +0 war axe
rCold   . . .        c - +0 buckler
rNeg    . . .        b - +0 scale mail
rPois   .            (no helmet)
rElec   .            (no cloak)
rCorr   .            (no gloves)
SInv    .            (no boots)
Will    .....        (no amulet) Stlth
                     (no ring)
HPRegen 0.26/turn    (no ring)
MPRegen 0.09/turn

%: no passive effects
@: no status effects
A: no striking features
a: Convert to Beogh


You were on level 2 of the Dungeon.
You visited 1 branch of the dungeon, and saw 2 of its levels.

You collected 78 gold pieces.

Inventory:

Hand Weapons
 a - a +0 war axe (weapon)
Armour
 b - a +0 scale mail (worn)
 c - a +0 buckler (worn)
Jewellery
 l - a +6 ring of dexterity
Scrolls
 j - a scroll of poison
Potions
 d - a potion of might
 e - a potion of mutation {unknown}
 f - a potion of heal wounds {unknown}
 g - a potion of resistance {unknown}
 h - a potion of cancellation {unknown}
 i - 3 potions of haste {unknown}
 k - 2 potions of magic {unknown}


   Skills:
 + Level 4.3 Fighting
 + Level 3.8 Axes
 + Level 4.1 Armour
 + Level 4.1 Shields


You had 3 spell levels left.
You didn't know any spells.
Your spell library was empty.

Dungeon Overview and Level Annotations

Branches:
Dungeon (2/15)

Altars:


Message History

You are too injured to fight recklessly!
Unknown command.
You are too injured to fight recklessly!
Unknown command.
You are too injured to fight recklessly!
You miss the adder.
The adder is heavily wounded.
You barely miss the orc wizard. You hit the endoplasm.
You barely miss the orc priest. The adder bites you but does no damage.
The adder bites you.
* * * LOW HITPOINT WARNING * * *
The orc priest closely misses you. The endoplasm freezes you.
You are frozen.
* * * LOW HITPOINT WARNING * * *
The orc wizard hits you with a +0 dagger.
* * * LOW HITPOINT WARNING * * *
You miss the adder.
The adder is heavily wounded.
You barely miss the orc wizard. You hit the endoplasm.
You kill the endoplasm!
The orc priest threatens, "By the altar or by the axe, you will meet Beogh!"
You hit the orc priest but do no damage.
The adder completely misses you.
The orc wizard hits you with a +0 dagger.
* * * LOW HITPOINT WARNING * * *
The orc priest hits you with a +0 falchion.
* * * LOW HITPOINT WARNING * * *
The adder bites you but does no damage.
You barely miss the adder.
The adder is heavily wounded.
You hit the orc wizard but do no damage.
You barely miss the orc. You hit something. You hit the orc priest.
The orc priest shouts, "Beogh is our master!
Accept the truth or die!"
The adder bites you.
* * * LOW HITPOINT WARNING * * *
The orc wizard mumbles some strange words.
The orc wizard flickers and vanishes!
You block the orc priest's attack. You block something's attack.
The orc hits you with a +0 flail.
You die...

#.# #..##...# # ##.#
#..##.... #. #.>#
#..##..## #.### #.##
#..†...# ##.... #.#
#.###^## ...... #.#
#...#.# #.##...###.#
###.#.#
#...[.{....#######.#.#
#.....S@.............#
#.....o{o..#######.###
#........#.#######.#
#..#...#.#.........#
#. #...#.#########.# #
#####...........#
#.########..##### #..
#....).. #...####


You could see an orc priest, an adder and an orc.

Vanquished Creatures
  4 adders (D:2)
  A dart slug (D:1)
  3 ribbon worms (D:2)
  A bat (D:1)
  4 endoplasms
  A giant cockroach (D:1)
  5 goblins
  2 hobgoblins
  4 jackals (D:2)
  9 kobolds
  4 quokkas
  4 ball pythons
  2 frilled lizards (D:1)
  5 rats
49 creatures vanquished.

Notes
Turn   | Place    | Note
-------+----------+-------------------------------------------
     0 | D:1      | p00ps00p the Hill Orc Fighter began the quest for the Orb.
     0 | D:1      | Reached XP level 1. HP: 19/19 MP: 1/1
   100 | D:1      | Reached XP level 2. HP: 5/27 MP: 2/2
   285 | D:1      | Reached XP level 3. HP: 31/33 MP: 3/3
   854 | D:2      | Found a faded altar of an unknown god.
   892 | D:2      | Reached XP level 4. HP: 40/40 MP: 4/4
  1394 | D:2      | HP: 2/41 [adder (1)]
  1394 | D:2      | Slain by an orc

Illustrated notes

Levels and vault maps discovered:
D:1:      tarquinn_simple_flora_water_b, layout_basic, minmay_pentomino_u4
D:2:      layout_loops_ring, hellmonk_ecumenical_altar_run_dry

Skill      XL: |  1  2  3  4 |
---------------+-------------+-----
Axes           | 3 |  3.8
Fighting       | 4 |  4.3
Shields        | 4 |  4.1
Armour         | 4 |  4.1

Action                     |  1- 3 |  4- 6 || total
---------------------------+-------+-------++-------
  Melee: War axe           |   100 |    66 ||   166
    Use: Scroll            |     3 |       ||     3
 Armour: Scale mail        |    82 |    55 ||   137
  Dodge: Dodged            |    72 |    26 ||    98
  Block: Buckler           |    18 |    21 ||    39

Table legend: (Time is in decaauts)
 A = Elapsed time spent in this place.
 B = Non-inter-level travel time spent in this place.
 C = Inter-level travel time spent in this place.
 D = Time resting spent in this place.
 E = Time spent auto-exploring this place.
 F = Levels seen in this place.
 G = Mean time per level.
                   A        B        C        D        E       F      G
               +--------+--------+--------+--------+--------+-----+--------+
         Total |   1454 |   1436 |     18 |      0 |   1061 |   2 |  727.0 |
       Dungeon |   1454 |   1436 |     18 |      0 |   1061 |   2 |  727.0 |
               +--------+--------+--------+--------+--------+-----+--------+

Top non-repeatable levels by time:
     D:1: 734 daAuts
     D:2: 720 daAuts
